AoeStats
← BetzeGunner

Arena

510191651Analyzed
2v2 RM · 16h ago on Sep 29, 2026· 43m 0s· 4 players
Game mode
Random Map
Map size
Medium (4 player)
Population
200
Speed
Normal
Resources
Standard
Victory
Conquest
Starting age
Dark Age
Ending age
Imperial Age
RankedLock teamsTeams togetherTeam positionsShared explorationLock speedFull tech treeHidden civsTurbo modeCheats
Victory
Defeat
🇺🇸 Romans · United States
868
+18
🇨🇴 Mongols · Colombia
858
+24
🇩🇪 Armenians · Germany
915
-18
🇩🇪 Vietnamese · Germany
914
-18
BEARFISTS
5:44 Loom
11:39 Feudal Age
12:47 Double-Bit Axe
13:23 Man-at-Arms
16:47 Forging
17:03 Scale Mail Armor
22:55 Castle Age
22:12 Horse Collar
24:20 Bow Saw
23:57 Long Swordsman
24:57 Chain Mail Armor
26:35 Iron Casting
28:54 Wheelbarrow
29:51 Squires
34:54 Imperial Age
34:02 Ballistas
35:19 Hand Cart
35:00 Legionary
36:59 Blast Furnace
37:36 Pikeman
38:28 Siege Engineers
38:20 Fletching
38:25 Capped Ram
38:37 Heavy Scorpion
39:46 Comitatenses
39:51 Bodkin Arrow
41:23 Ballistics
u5500393
0:36 Loom
9:28 Feudal Age
10:49 Wheelbarrow
10:40 Double-Bit Axe
10:37 Horse Collar
23:18 Castle Age
22:23 Scale Barding Armor
23:15 Forging
23:46 Light Cavalry
24:27 Husbandry
32:38 Chain Barding Armor
37:08 Murder Holes
papaploufdansleau
5:18 Loom
10:02 Feudal Age
10:31 Double-Bit Axe
20:47 Castle Age
19:34 Horse Collar
22:01 Bow Saw
21:56 Fletching
23:00 Wheelbarrow
24:18 Bodkin Arrow
25:58 Ballistics
25:04 Crossbowman
26:15 Town Watch
26:43 Padded Archer Armor
26:55 Gold Mining
28:16 Horse Collar
29:28 Thumb Ring
41:30 Imperial Age
BetzeGunner
10:59 Feudal Age
11:52 Loom
16:27 Castle Age
15:55 Double-Bit Axe
15:55 Horse Collar
16:29 Scale Mail Armor
21:55 Wheelbarrow
21:07 Town Watch
21:24 Heavy Plow
26:31 Sanctity
26:51 Chain Mail Armor
26:48 Forging
27:12 Squires
26:58 Gambesons
27:31 Bow Saw
29:00 Iron Casting
35:26 Hand Cart
35:12 Town Patrol
43:24 Imperial Age
Connection lost

Rejoining the realm…

Still unreachable

The connection could not be restored.

Session expired

The server has moved on; the page needs a fresh start.